 Dungeon Crawl Stone Soup version 0.26-a0-1102-g347fe5baa7 (webtiles) character file.

Game seed: 5977614531061480187

48 dolemite99 the Chopper (level 3, 0/31 HPs)
             Began as a Minotaur Delver on Dec 16, 2020.
             Was an Initiate of Nemelex Xobeh.
             Succumbed to a scorpion's poison
             ... on level 4 of the Dungeon.
             The game lasted 00:00:42 (210 turns).

dolemite99 the Chopper (Minotaur Delver)             Turns: 210, Time: 00:00:42

Health: 0/31       AC:  3    Str: 17    XL:     3   Next: 50%
Magic:  2/2        EV: 12    Int:  7    God:    Nemelex Xobeh [......]
Gold:   9          SH:  0    Dex: 11    Spells: 2/2 levels left

rFire    . . .     SeeInvis .   a - +0 hand axe
rCold    . . .     Faith    .   (no shield)
rNeg     . . .     Spirit   .   b - +0 leather armour
rPois    .         Reflect  .   (helmet restricted)
rElec    .         Harm     .   (no cloak)
rCorr    .         Rampage  .   (no gloves)
Will     .....                  (no boots)
Stlth    ++........             (no amulet)
HPRegen  0.10/turn              (no ring)
MPRegen  0.08/turn              (no ring)

@: lethally poisoned (0 -> -18), hasted, very quick
A: retaliatory headbutt, horns 2
a: Draw Escape, Draw Destruction, Draw Summoning, Renounce Religion


You were on level 4 of the Dungeon.
You worshipped Nemelex Xobeh.
Nemelex Xobeh was noncommittal.
You visited 1 branch of the dungeon, and saw 3 of its levels.

You collected 9 gold pieces.

Inventory:

Hand Weapons
 a - a +0 hand axe (weapon)
Armour
 b - a +0 leather armour (worn)
Jewellery
 h - an uncursed ring of willpower {unknown}
Wands
 g - a wand of digging (3)
Scrolls
 c - a scroll of fog
 d - a scroll of magic mapping
 e - a scroll of fear
 i - a scroll of random uselessness {unknown}
 j - a scroll of teleportation {unknown}
 k - a scroll of immolation {unknown}


   Skills:
 - Level 3.6 Fighting
 + Level 4.8 Axes
 - Level 2.1 Dodging
 - Level 4.1 Stealth


You had 2 spell levels left.
You didn't know any spells.
Your spell library was empty.

Dungeon Overview and Level Annotations

Branches:
Dungeon (5/15)
 Temple: D:4-7

Altars:
Dithmenos
Nemelex Xobeh
Wu Jian


Innate Abilities, Weirdness & Mutations

You reflexively headbutt those who attack you in melee.
You have a pair of horns on your head.


Message History

You feel sick. The scorpion completely misses you.
You barely miss the scorpion. You headbutt the scorpion.
You kill the scorpion!
* * * LOW HITPOINT WARNING * * *
You feel sick.
Your Axes skill gained 2 levels and is now at level 4!
You have reached level 2!
You have reached level 3!
Your experience leads to an increase in your attributes!
Increase (S)trength, (I)ntelligence, or (D)exterity?
You feel stronger.
You aren't carrying any potions.
There is a lethal amount of poison in your body!
There is a lethal amount of poison in your body!
There is a lethal amount of poison in your body!
There is a lethal amount of poison in your body!
* * * LOW HITPOINT WARNING * * *
You feel sick.
You die...
Your body disappears without a glow.

#..>......#
.#.####>#..#
........#..#
.#^........#
#####.##.## #.
#.# #. #.# #.##†#
#$ #.##@# #.
#.##.# #. #....#
#. #..#.#
######.####..#.#
...............#
#.............###
....####.####.#
#.# #.# #.#


There were no monsters in sight!

Vanquished Creatures
  A scorpion (D:4)
  A giant cockroach (D:4)
2 creatures vanquished.

Notes
Turn   | Place    | Note
-------+----------+-------------------------------------------
     0 | D:5      | dolemite99 the Minotaur Delver began the quest for the Orb.
     0 | D:5      | Reached XP level 1. HP: 19/19 MP: 0/0
     7 | D:5      | Became a worshipper of Nemelex Xobeh the Trickster
    26 | D:4      | Noticed a worker ant
   147 | D:4      | Found a shadowy altar of Dithmenos.
   158 | D:3      | Found a sparkling altar of Nemelex Xobeh.
   179 | D:4      | Noticed a scorpion
   180 | D:4      | Found an ornate altar of the Wu Jian Council.
   207 | D:4      | Killed a scorpion
   208 | D:4      | Reached XP level 2. HP: 3/26 MP: 1/1
   208 | D:4      | Reached XP level 3. HP: 3/31 MP: 2/2
   208 | D:4      | HP: 1/31 [poisoned by a scorpion]
   210 | D:4      | Succumbed to a scorpion's poison

Illustrated notes

Levels and vault maps discovered:
D:3:      layout_basic, nicolae_overflow_hidden_temple, lightli_temple_of_fire,
          chequers_ecumenical_altar_simple
D:4:      minmay_angry_zag, layout_loops_ring,
          grunt_temple_overflow_forces_of_nature, lemuel_round_altar,
          lemuel_doored_altar, lemuel_coloured_pillars_altar,
          grunt_temple_overflow_open, serial_shops, shop
D:5:      minmay_skewed_foursquare, layout_rooms, general_overflow_altar,
          basic_altar, chequers_serial_rivers_micro_a

Skill      XL: |  1 |
---------------+----+-----
Axes           | 4 |  4.8
Fighting       | |  3.6
Dodging        | |  2.1
Stealth        | |  4.1

Action                   || total
-------------------------++-------
Melee: Hand axe          ||    10
       Headbutt          ||     3
  Use: Potion            ||     1
Armor: Leather armour    ||     3
Dodge: Dodged            ||     6

Table legend: (Time is in decaauts)
 A = Elapsed time spent in this place.
 B = Non-inter-level travel time spent in this place.
 C = Inter-level travel time spent in this place.
 D = Time resting spent in this place.
 E = Time spent auto-exploring this place.
 F = Levels seen in this place.
 G = Mean time per level.
                   A        B        C        D        E       F      G
               +--------+--------+--------+--------+--------+-----+--------+
         Total |    206 |    196 |     10 |     72 |     19 |   3 |   68.7 |
       Dungeon |    206 |    196 |     10 |     72 |     19 |   3 |   68.7 |
               +--------+--------+--------+--------+--------+-----+--------+

Top non-repeatable levels by time:
     D:4: 169 daAuts
     D:3: 18 daAuts
     D:5: 18 daAuts
